 Dungeon Crawl Stone Soup version 0.18.1-2-ga659475 (webtiles) character file.

59 oplop the Sneak (level 4, 0/23 HPs)
             Began as a Vine Stalker Assassin on May 8, 2016.
             Succumbed to an adder's poison
             ... on level 2 of the Dungeon.
             The game lasted 00:01:40 (864 turns).

oplop the Sneak (Vine Stalker Assassin)              Turns: 864, Time: 00:01:41

Health: 0/23       AC:  3    Str: 13    XL:     4   Next: 3%
Magic:  2/7        EV: 11    Int: 11    God:
Gold:   109        SH:  0    Dex: 17    Spells: 0 memorised, 6 levels left

rFire  . . .     SeeInvis .     a - +2 dagger
rCold  . . .     Gourm    .     c - +0 robe
rNeg   . . .     Faith    .     (no shield)
rPois  .         Spirit   +     (no helmet)
rElec  .         Dismiss  .     d - +0 cloak
rCorr  .         Reflect  .     (no gloves)
SustAt .         Harm     .     (no boots)
MR     .....                    (no amulet)
Stlth  +++.......               (no ring)
                                (no ring)

@: lethally poisoned (0 -> -7), not resistant to hostile enchantments, fairly
stealthy
A: fangs 2, regeneration 1, magic shield, antimagic bite, no device heal 3, rot
immunity
a: no special abilities


You were on level 2 of the Dungeon.
You were not hungry.

You visited 1 branch of the dungeon, and saw 2 of its levels.

You collected 109 gold pieces.

Inventory:

Hand Weapons
 a - a +2 dagger (weapon)
 b - a +0 blowgun
Missiles
 e - 13 poisoned needles
 f - 2 curare-tipped needles
 q - a throwing net (quivered)
Armour
 c - a +0 robe (worn)
 d - a +0 cloak (worn)
Scrolls
 i - a scroll of fear {unknown}
 j - 2 scrolls of identify {unknown}
 k - a scroll of enchant weapon {unknown}
 l - 2 scrolls of remove curse {unknown}
 n - a scroll of magic mapping {unknown}
 o - a scroll of teleportation {unknown}
Potions
 h - a potion of heal wounds {unknown}
 m - a potion of haste {unknown}
 p - a potion of brilliance {unknown}
Comestibles
 g - a bread ration


   Skills:
 + Level 2.3 Fighting
 + Level 2.4 Short Blades
 - Level 1.7 Throwing
 - Level 0.7 Dodging
 + Level 5.4 Stealth
 + Level 1.5 Spellcasting


You had 6 spell levels left.
You didn't know any spells.

Dungeon Overview and Level Annotations

Branches:
Dungeon (2/15)

Altars:


Innate Abilities, Weirdness & Mutations

You have extremely sharp teeth.
Your natural rate of healing is unusually fast.
When hurt, damage is shared between your health and your magic reserves.
Your bite disrupts and absorbs the magic of your enemies.
Potions and wands cannot restore your health.
You are immune to rotting.


Message History

You hit the adder. Your bite misses the adder.
The adder is almost dead.
The adder barely misses you.
Unknown command.
You closely miss the adder.
The adder is almost dead.
* * * LOW HITPOINT WARNING * * *
You feel sick. The adder bites you.
* * * LOW HITPOINT WARNING * * *
You are more poisoned.
The adder poisons you! The adder barely misses you.
Unknown command.
You barely miss the adder. Your bite misses the adder.
The adder is almost dead.
* * * LOW HITPOINT WARNING * * *
You feel sick. The adder bites you.
* * * LOW HITPOINT WARNING * * *
You barely miss the adder.
The adder is almost dead.
You die...

#.#### #.#
########....###g#
#...............#
#.######.....####
#.######.#.#.# ###
#.##.......#.###.###
#.##.#####.#.##.....
#.##S# #.#.###.###
#..@(# #.>.###.###
####.# #....<.....
#.#####รท####.####
#.....(.####.#
###..........#
##.######### ###


You could see an adder.

Vanquished Creatures
  An adder (D:2)
  2 gnolls (D:2)
  An ooze (D:1)
  2 dart slugs
  A ball python (D:2)
  3 bats
  3 giant cockroaches
  A goblin (D:2)
  2 hobgoblins (D:1)
  A giant newt (D:2)
  2 kobolds (D:1)
  5 rats
24 creatures vanquished.

Notes
Turn   | Place    | Note
--------------------------------------------------------------
     0 | D:1      | oplop the Vine Stalker Assassin began the quest for the Orb.
     0 | D:1      | Reached XP level 1. HP: 11/11 MP: 2/2
   134 | D:1      | Reached skill level 5 in Stealth
   134 | D:1      | Reached XP level 2. HP: 15/15 MP: 3/3
   348 | D:1      | Reached skill level 1 in Spellcasting
   590 | D:2      | Reached XP level 3. HP: 8/18 MP: 3/5
   853 | D:2      | Reached XP level 4. HP: 7/23 MP: 1/7
   863 | D:2      | HP: 1/23 [adder (2)]
   864 | D:2      | Succumbed to an adder's poison

Skill      XL: |  1  2 |
---------------+-------+-----
Fighting       | 2 |  2.3
Stealth        | 5 |  5.4
Short Blades   | 2 |  2.4
Spellcasting   | 1 |  1.5
Throwing       | |  1.7
Dodging        | |  0.7

Action                   |  1- 3 |  4- 6 || total
-------------------------+-------+-------++-------
Melee: Dagger            |    57 |     9 ||    66
       Bite              |    14 |     3 ||    17
 Fire: Blowgun           |    13 |       ||    13
 Stab: Sleeping          |     8 |       ||     8
       Distracted        |     1 |       ||     1
Armor: Robe              |    24 |     1 ||    25
Dodge: Dodged            |    41 |     5 ||    46
